 Dungeon Crawl Stone Soup version 0.31-a0-435-g2c6fae2916 (webtiles) character file.

Game seed: 974039736036411413

95 floatRand the Shield-Bearer (level 4, -4/37 HPs)
             Began as a Formicid Fighter on Aug 1, 2023.
             Killed by divine providence
             ... invoked by an orc priest
              (16 damage)
             ... on level 3 of the Dungeon.
             The game lasted 00:03:00 (1469 turns).

floatRand the Shield-Bearer (Formicid Fighter)      Turns: 1469, Time: 00:03:01

Health: -4/37      AC: 10    Str: 22    XL:     4   Next: 95%
Magic:  4/4        EV: 10    Int:  8    God:
Gold:   73         SH:  5    Dex: 13    Spells: 3/3 levels left

rFire   + . .        a - +0 flail
rCold   . . .        c - +0 buckler
rNeg    . . .        g - +1 ring mail {rF+}
rPois   .            (helmet unavailable)
rElec   .            o - +2 cloak
rCorr   .            (no gloves)
SInv    +            (no boots)
Will    .....        (no amulet)
Stlth   +            (no ring)
HPRegen 0.26/turn    (no ring)
MPRegen 0.09/turn

%: no passive effects
@: no status effects
A: permanent stasis, dig shafts and tunnels, antennae 3, four strong arms
a: Dig, Shaft Self


You were on level 3 of the Dungeon.
You visited 1 branch of the dungeon, and saw 3 of its levels.

You collected 99 gold pieces.
You spent 26 gold pieces at shops.

Inventory:

Hand Weapons
 a - a +0 flail (weapon)
Armour
 b - a +0 scale mail
 c - a +0 buckler (worn)
 g - a +1 ring mail of fire resistance (worn)
 n - +0 ice dragon scales
 o - a +2 cloak (worn)
Scrolls
 e - a scroll of fear {unknown}
 f - 2 scrolls of blinking {unknown}
 j - a scroll of revelation {unknown}
 k - a scroll of noise {unknown}
 l - a scroll of vulnerability {unknown}
 p - a scroll of teleportation {unknown}
Potions
 d - a potion of might
 h - a potion of cancellation
 i - a potion of curing
 m - 2 potions of lignification {unknown}


   Skills:
 + Level 4.1 Fighting
 + Level 2.8 Maces & Flails
 + Level 4.0 Armour
 + Level 4.9 Shields


You had 3 spell levels left.
You didn't know any spells.
Your spell library contained the following spells:

 Spells                   Type           Power      Damage    Failure   Level
 Apportation              Tloc           0%         N/A       63%         1
 Kiss of Death            Conj/Necr      0%         2d5       63%         1
 Confusing Touch          Hex            0%         N/A       94%         3
 Dispel Undead            Necr           0%         3d6       100%        4
 Alistair's Intoxication  Tmut/Pois      0%         N/A       100%        5


Dungeon Overview and Level Annotations

Branches:
Dungeon (3/15)

Altars:

Shops:
D:2 ?(:[


Innate Abilities, Weirdness & Mutations

You cannot be hasted, slowed, berserked, paralysed or teleported.
You can dig through walls and to a lower floor.
You have a pair of large antennae on your head. (SInv)
Your four strong arms can wield two-handed weapons with a shield.


Message History

The orc is heavily wounded.
The kobold hits you with a +0 short sword.
The orc hits you with a +0 club. The orc hits you with a +0 flail.
You block the orc priest's attack. The orc hits you with a +0 flail.
The orc hits you but does no damage. You block the kobold's attack.
You hit the orc but do no damage.
The orc is heavily wounded.
The kobold hits you but does no damage.
The orc priest calls upon Beogh to heal the orc.
The orc's wounds heal themselves!
The orc hits you but does no damage. x2
You hit the orc priest but do no damage.
The orc hits you with a +0 club. The kobold closely misses you.
The orc priest barely misses you. The orc barely misses you.
You hit the orc priest but do no damage.
The kobold hits you but does no damage. You block the orc priest's attack.
You block the orc's attack. The orc closely misses you.
You block the orc's attack. The orc hits you with a +0 flail.
The orc priest misses you. The kobold hits you but does no damage.
You sock the orc priest!
The orc priest is heavily wounded.
The kobold barely misses you. The orc priest hits you with a +0 club.
The orc hits you with a +0 flail. The orc hits you with a +0 club.
You are too injured to fight recklessly!
You are too injured to fight recklessly!
You are too injured to fight recklessly!
You are too injured to fight recklessly!
You are too injured to fight recklessly!
Unknown command.
A hobgoblin comes into view.
The orc hits you with a +0 flail. The kobold attacks as you move away!
The kobold hits you but does no damage. The orc attacks as you move away!
The orc hits you with a +0 flail. The orc attacks as you move away!
The orc hits you but does no damage.
The hobgoblin shouts!
There is a stone staircase leading up here.
Unknown command.
You block the kobold's attack.
The orc priest invokes the aid of Beogh against you.
Beogh smites you!
You die...

#..... ..
.#.....###.#
..#.........#
$.#....g.#..#
$.#.........
###.(.....> #
.........#.#
#.....@..#
#...oKo###
#..)..o#
#......#
#......#
#......+
#......#
..$..###
.####.#


You could see an orc priest, 2 orcs, a hobgoblin and a kobold.

Vanquished Creatures
  Jessica (D:2)
  2 dart slugs (D:1)
  2 orcs
  3 ball pythons
  3 bats (D:1)
  5 endoplasms
  A giant cockroach (D:1)
  11 goblins
  7 hobgoblins
  2 jackals (D:1)
  9 kobolds
  3 frilled lizards
  6 rats
55 creatures vanquished.

Notes
Turn   | Place    | Note
-------+----------+-------------------------------------------
     0 | D:1      | floatRand the Formicid Fighter began the quest for the Orb.
     0 | D:1      | Reached XP level 1. HP: 18/18 MP: 1/1
    75 | D:1      | Reached XP level 2. HP: 24/24 MP: 2/2
   292 | D:1      | Reached XP level 3. HP: 29/29 MP: 3/3
   955 | D:2      | Reached XP level 4. HP: 37/37 MP: 4/4
  1036 | D:2      | Found Huihoaq's Antique Weapon Boutique.
  1139 | D:2      | Found Cejut's Antique Armour Emporium.
  1142 | D:2      | Noticed Jessica
  1143 | D:2      | Killed Jessica
  1220 | D:2      | Found Diykij's Book Shop.
  1344 | D:2      | Found Pecu Soe's Magic Scroll Shoppe.
  1349 | D:2      | Bought a scroll of identify for 26 gold pieces
  1469 | D:3      | Killed from afar by an orc priest

Illustrated notes

Levels and vault maps discovered:
D:1:      scummos_arrival_simple_crosswalls, layout_loops_corners
D:2:      minmay_kobold_bridge, layout_basic, serial_shops, shop,
          nicolae_shop_rolling_square, shop, shop, uniq_jessica
D:3:      layout_basic, lemuel_doored_altar, mainiacjoe_overflow_tiny_flanked,
          amcnicky_altar_gilded, lemuel_tele_altar, portal_sewer_entry_e,
          minmay_ruptured

Skill      XL: |  1  2  3  4 |
---------------+-------------+-----
Fighting       | 4 |  4.1
Armour         | 4 |  4.0
Maces & Flails | |  2.8
Shields        | |  4.9

Action                     |  1- 3 |  4- 6 || total
---------------------------+-------+-------++-------
  Melee: Flail             |   118 |    54 ||   172
    Use: Scroll            |       |     2 ||     2
 Armour: Scale mail        |    19 |       ||    19
         Ring mail         |    21 |    40 ||    61
  Dodge: Dodged            |    62 |    31 ||    93
  Block: Buckler           |    30 |    20 ||    50

Table legend: (Time is in decaauts)
 A = Elapsed time spent in this place.
 B = Non-inter-level travel time spent in this place.
 C = Inter-level travel time spent in this place.
 D = Time resting spent in this place.
 E = Time spent auto-exploring this place.
 F = Levels seen in this place.
 G = Mean time per level.
                   A        B        C        D        E       F      G
               +--------+--------+--------+--------+--------+-----+--------+
         Total |   1521 |   1515 |      6 |      0 |    986 |   3 |  507.0 |
       Dungeon |   1521 |   1515 |      6 |      0 |    986 |   3 |  507.0 |
               +--------+--------+--------+--------+--------+-----+--------+

Top non-repeatable levels by time:
     D:1: 982 daAuts
     D:2: 524 daAuts
     D:3: 15 daAuts
